 Dungeon Crawl Stone Soup version 0.24.0-125-gc4c63601f3 (webtiles) character file.

Game seed: 16485530149122507709, levelgen mode: deterministic

14206 Adamkad1 the Grappler (level 11, -1/107 HPs)
             Began as a Troll Hunter on Mar 13, 2020.
             Was an Elder of Trog.
             Killed from afar by a swamp worm (8 damage)
             ... with a harpoon shot
             ... on level 12 of the Dungeon.
             The game lasted 00:19:58 (9921 turns).

Adamkad1 the Grappler (Troll Hunter)                Turns: 9921, Time: 00:19:59

Health: -1/107     AC:  9    Str: 25    XL:     11   Next: 85%
Magic:  10/10      EV: 11    Int:  7    God:    Trog [****..]
Gold:   675        SH: 10    Dex: 10    Spells: 10/10 levels left

rFire    + + .     SeeInvis .     - Unarmed
rCold    + . .     Gourm    +   v - +0 shield
rNeg     . . .     Faith    .   K - +1 troll leather armour
rPois    .         Spirit   .   (helmet restricted)
rElec    .         Reflect  .   h - scarf {rC+ rF+}
rCorr    .         Harm     .   (gloves unavailable)
MR       ++...                  (boots unavailable)
Stlth    +.........             m - amulet of rage
HPRegen  2.07/turn              l - ring of protection from fire
MPRegen  0.12/turn              (no ring)

@: berserk cooldown, regenerating, slowed, very slow
A: large, unfitting armour, claws 3, talons 1, fast metabolism 3, gourmand,
sense surroundings 1, regeneration 1, shaggy fur 1, tough skin 3
a: Berserk, Trog's Hand, Brothers in Arms, Renounce Religion, Evoke Berserk Rage


You were on level 12 of the Dungeon.
You worshipped Trog.
Trog was greatly pleased with you.
You were not hungry.

You visited 2 branches of the dungeon, and saw 13 of its levels.

You collected 675 gold pieces.

Inventory:

Missiles
 c - 10 large rocks (quivered)
 d - 2 throwing nets
 o - 4 atropa-tipped darts
 t - 22 boomerangs
 D - 4 poisoned darts
 G - 8 silver javelins
 I - 6 boomerangs of dispersal
Armour
 b - a +0 robe
 e - a +0 cloak
 g - a scarf of cloud immunity
 h - a scarf of resistance (worn)
 v - a +0 shield (worn)
 K - a +1 troll leather armour (worn)
Jewellery
 l - a ring of protection from fire (left claw)
 m - an amulet of rage (around neck)
Wands
 j - a wand of acid (7)
 k - a wand of scattershot (12)
 q - a wand of iceblast (5)
 s - a wand of flame (24)
 y - a wand of random effects (12)
 z - a wand of disintegration (13)
 C - a wand of paralysis (5)
 F - a wand of polymorph (5)
Scrolls
 r - a scroll of fear
 u - 6 scrolls of remove curse
 w - a scroll of amnesia {unknown}
 x - 3 scrolls of teleportation
 B - 5 scrolls of identify
 E - 2 scrolls of blinking
 L - a scroll of vulnerability {unknown}
Potions
 a - 5 potions of curing
 i - 3 potions of brilliance {unknown}
 n - 3 potions of lignification
 p - 2 potions of degeneration
 A - a potion of magic
 H - a potion of resistance {unknown}
 J - a potion of agility {unknown}
Comestibles
 f - 26 rations


   Skills:
 + Level 6.4 Fighting
 * Level 10.3 Throwing
 + Level 6.4 Dodging
 - Level 0.3 Stealth
 + Level 5.5 Shields
 * Level 10.4 Unarmed Combat


You had 10 spell levels left.
You didn't know any spells.
Your spell library was empty.

Dungeon Overview and Level Annotations

Branches:
Dungeon (12/15)            Temple (1/1) D:5            Lair (0/6) D:9
    Orc (0/2) D:9

Altars:
Ashenzari
Fedhas
Hepliaklqana
Kikubaaqudgha
Makhleb
Nemelex Xobeh
Ru
Sif Muna
Trog
Yredelemnul
Zin


Innate Abilities, Weirdness & Mutations

You are too large for most types of armour.
You have claws for hands.
Your metabolism is lightning-fast.
You like to eat raw meat.
Your natural rate of healing is unusually fast.
You are covered in fur. (AC +1)
You have extremely tough skin. (AC +3)
You have sharp toenails.
You passively map a small area around you.


Message History

You block the swamp worm's attack.
You feel a strong urge to attack something.
You feel your anger nearly subside.
You are no longer berserk.
You are exhausted.
You feel yourself slow down.
The swamp worm throws harpoon shot at you.
The harpoon shot misses you.
The swamp worm throws harpoon shot at you.
The harpoon shot hits you!
* * * LOW HITPOINT WARNING * * *
You are yanked forward by the harpoon shot.
Your skin crawls.
You feel resistant to hostile enchantments.
You feel somewhat more hungry. The swamp worm bites you!
* * * LOW HITPOINT WARNING * * *
The swamp worm closely misses you.
The swamp worm throws harpoon shot at you.
The harpoon shot hits you!
You die...

.....#...#.#....#...#............
.....#...#......######..###...)##
.....#...#+#.......###..###....##
####.#... +.......'.....#.......
# #.#, , .##....#.....#....... #
#.#, , ,*#....#.....#.....>.
####.# , # *#....#.....'.....##
.....#, #.##....+.....#.....##
.....#######....@.w###+###.....##
....##.....########w....##.....##
....#.......# ##...≈≈≈≈≈....#.
###.#.......# #w†.≈≈≈≈≈≈≈...##
###.'.......# #.≈≈≈≈###≈≈≈≈.##
....######### #≈≈≈###≈###≈≈≈..
##### ** * *#≈≈P# ##≈≈## , , , ,*
, .≈≈≈≈ #≈≈.+ , , ..≈≈≈#≈ #≈≈.#


You could see 2 swamp worms.

Vanquished Creatures
  A two-headed ogre (D:7)
  2 ugly things (D:11)
  Maurice (D:8)
  2 manticores
  A centaur zombie (D:12)
  A gargoyle (D:12)
  Psyche (D:8)
  4 trolls
  Grinder (D:6)
  2 hippogriffs
  A spriggan (D:7)
  5 wyverns
  A basilisk (D:9)
  Grum (D:8)
  A swamp worm (D:12)
  2 water moccasins (D:10)
  8 orc warriors
  A swamp drake (D:9)
  2 necrophages
  An eye of draining (D:9)
  6 ice beasts
  2 phantoms
  4 sky beasts
  14 ogres
  5 centaurs
  3 wolves (D:8)
  2 crocodiles (D:9)
  7 big kobolds
  4 bullfrogs
  3 gnoll sergeants
  A wyvern zombie (D:7)
  3 scorpions
  15 killer bees
  3 wights (D:6)
  3 howler monkeys (D:9)
  6 crimson imps
  9 hounds
  4 orc priests
  2 jellies
  A bullfrog skeleton (D:12)
  Crazy Yiuf (D:6)
  A centaur skeleton (D:9)
  Ijyb (D:3)
  2 iguanas
  10 orc wizards
  10 worker ants
  A hound zombie (D:11)
  A hound skeleton (D:7)
  A howler monkey zombie (D:7)
  12 gnolls
  8 adders
  3 shadow imps (D:8)
  4 oozes
  2 adder skeletons
  A worm (D:2)
  A dart slug (D:1)
  12 leopard geckos
  47 orcs
  4 bats
  5 giant cockroaches
  12 goblins
  7 hobgoblins
  7 jackals
  5 quokkas
  A ball python skeleton (D:4)
  4 frilled lizards
  20 kobolds
  A quokka skeleton (D:7)
  8 rats
328 creatures vanquished.

Vanquished Creatures (collateral kills)
  A crimson imp (D:5)
1 creature vanquished.

Vanquished Creatures (others)
  A jackal (D:8)
  3 plants (D:12)
4 creatures vanquished.

Grand Total: 333 creatures vanquished

Notes
Turn   | Place    | Note
-------+----------+-------------------------------------------
     0 | D:1      | Adamkad1 the Troll Hunter began the quest for the Orb.
     0 | D:1      | Reached XP level 1. HP: 19/19 MP: 0/0
    62 | D:1      | Reached XP level 2. HP: 28/28 MP: 1/1
   114 | D:1      | Reached skill level 1 in Unarmed Combat
   727 | D:2      | Reached XP level 3. HP: 21/35 MP: 2/2
  1112 | D:2      | Reached XP level 4. HP: 40/42 MP: 3/3
  1788 | D:3      | Noticed Ijyb
  1798 | D:3      | Killed Ijyb
  1798 | D:3      | Reached XP level 5. HP: 40/49 MP: 4/4
  1841 | D:3      | Found a hazy altar of Hepliaklqana.
  2361 | D:4      | Noticed an ice beast
  2369 | D:4      | Killed an ice beast
  2369 | D:4      | Reached XP level 6. HP: 34/59 MP: 5/5
  2568 | D:4      | Reached skill level 5 in Throwing
  3080 | D:5      | Entered Level 5 of the Dungeon
  3198 | D:5      | Found a staircase to the Ecumenical Temple.
  3215 | Temple   | Entered the Ecumenical Temple
  3247 | Temple   | Became a worshipper of Trog the Wrathful
  3296 | D:5      | Noticed an ice beast
  3304 | D:5      | Killed an ice beast
  3322 | D:5      | Reached XP level 7. HP: 66/66 MP: 6/6
  3725 | D:6      | Reached skill level 1 in Shields
  3818 | D:6      | Found a runed translucent door.
  3819 | D:6      | Noticed Crazy Yiuf
  3826 | D:6      | Killed Crazy Yiuf
  4087 | D:6      | Reached skill level 5 in Unarmed Combat
  4116 | D:6      | Reached XP level 8. HP: 16/75 MP: 7/7
  4120 | D:6      | Reached * piety under Trog
  4352 | D:6      | Noticed Grinder
  4362 | D:6      | Killed Grinder
  4871 | D:7      | Reached XP level 9. HP: 61/84 MP: 8/8
  5019 | D:7      | Found a shimmering blue altar of Sif Muna.
  5068 | D:7      | HP: 4/84 [poisoned by a killer bee]
  5170 | D:6      | Gained mutation: You have sharp toenails. [potion of
                  | mutation]
  5170 | D:6      | Gained mutation: You passively map a small area around you.
                  | [potion of mutation]
  5599 | D:7      | Reached ** piety under Trog
  5702 | D:8      | Noticed Psyche
  5719 | D:8      | Killed Psyche
  5759 | D:8      | Noticed Grum
  5761 | D:8      | Noticed a two-headed ogre
  5771 | D:7      | Killed a two-headed ogre
  5867 | D:7      | Reached XP level 10. HP: 10/94 MP: 9/9
  6034 | D:8      | Killed Grum
  6045 | D:8      | Reached skill level 5 in Dodging
  6117 | D:8      | Reached skill level 5 in Fighting
  6131 | D:8      | Noticed Maurice
  6296 | D:8      | Reached *** piety under Trog
  6543 | D:8      | Killed Maurice
  7037 | D:9      | Found a staircase to the Lair.
  7257 | D:9      | Reached **** piety under Trog
  7268 | D:9      | Received a gift from Trog
  7366 | D:9      | Reached XP level 11. HP: 103/103 MP: 5/10
  7417 | D:9      | Found a sacrificial altar of Ru.
  7515 | D:9      | Found a staircase to the Orcish Mines.
  8167 | D:10     | Entered Level 10 of the Dungeon
  8236 | D:10     | Reached skill level 5 in Shields
  8262 | D:10     | Received a gift from Trog
  8920 | D:11     | Noticed a white ugly thing
  9065 | D:11     | Noticed a purple ugly thing
  9067 | D:11     | Killed a purple ugly thing
  9067 | D:11     | Reached skill level 10 in Throwing
  9067 | D:11     | Reached skill level 10 in Unarmed Combat
  9179 | D:11     | Killed a white ugly thing
  9920 | D:12     | HP: 4/107 [swamp worm (8)]
  9921 | D:12     | Killed from afar by a swamp worm

Levels and vault maps discovered:
D:1:      elethiomel_arrival_quiet, layout_basic, minmay_statues_item
D:2:      layout_basic, minmay_tromino_v4_a
D:3:      cheibrodos_old_hovel, layout_loops_corners, old_standard_altar,
          uniq_ijyb
D:4:      layout_rooms
D:5:      layout_cave_pools, minmay_temple_entry_crystal_x, first_ration,
          minmay_tree_intersection
D:6:      layout_rooms, uniq_crazy_yiuf_cottage, uniq_grinder
D:7:      layout_loops_ring, the_bakery, led_sif_book
D:8:      layout_rooms, lemuel_old_faithful, uniq_maurice, uniq_grum,
          uniq_psyche
D:9:      layout_roguey, erik_lair_dragon,
          kennysheep_orc_monster_closet_entryway, basic_altar,
          kennysheep_generic_room_11
D:10:     layout_basic
D:11:     layout_rooms
D:12:     layout_stronghold, hangedman_decor_points,
          chequers_serial_rivers_small_b, worms_lemuel
Temple:   nicolae_temple_the_god_donut

Skill      XL: |  1  2  3  4  5  6  7  8  9 10 11 |
---------------+----------------------------------+-----
Unarmed Combat | 1 2 3 4 5 6 7 9 10 | 10.4
Throwing       | 4 5 6 7 8 9 10 | 10.3
Dodging        | 2 3 4 5 6 |  6.4
Fighting       | 2 3 4 5 6 |  6.4
Shields        | 1 2 3 4 5 |  5.5
Stealth        | |  0.3

Action                   |  1- 3 |  4- 6 |  7- 9 | 10-12 || total
-------------------------+-------+-------+-------+-------++-------
Melee: Unarmed           |   106 |   216 |   252 |   545 ||  1119
       Kick              |       |       |    14 |   160 ||   174
Throw: Boomerang         |       |       |    26 |     6 ||    32
       Large rock        |       |       |     3 |     9 ||    12
Invok: Berserk           |       |       |     4 |     6 ||    10
       Trog's Hand       |       |       |     1 |     3 ||     4
 Abil: Evoke Berserk Rag |       |       |     1 |       ||     1
  Use: Scroll            |       |     9 |     1 |     5 ||    15
       Potion            |       |       |     6 |     3 ||     9
 Stab: Sleeping          |     1 |     1 |     1 |       ||     3
  Eat: Chunk             |    16 |    20 |    29 |    39 ||   104
Armor: Robe              |    34 |    79 |    70 |    78 ||   261
       Troll leather arm |       |       |       |    41 ||    41
       Skin              |       |       |       |    27 ||    27
Dodge: Dodged            |    62 |   114 |    69 |   177 ||   422
Block: Shield            |       |       |    83 |   261 ||   344
